 Dungeon Crawl Stone Soup version 0.23-a0-710-gaad00d04af (webtiles) character file.

476316 Crom the Executioner (level 23, -1/223 (224) HPs)
             Began as a Minotaur Gladiator on Jan 15, 2019.
             Was the Champion of Okawaru.
             Slain by a deep troll earth mage (4 damage)
             ... summoned by a boggart
             ... while paralysed by a floating eye
             ... on level 2 of the Depths.
             The game lasted 03:41:28 (52777 turns).

Crom the Executioner (Minotaur Gladiator)          Turns: 52777, Time: 03:41:28

HP:   -1/223 (224)  AC: 33    Str: 28    XL:     23   Next: 62%
MP:   26/27         EV:  2    Int: 14    God:    Okawaru [******]
Gold: 5047          SH:  0    Dex: 15    Spells: 16/22 levels left

rFire    + + .     SeeInvis .   Y - +8 frozen axe "Frostbite" {freezing cloud, *Noise +Fly rC+}
rCold    + . .     Gourm    .   (shield currently unavailable)
rNeg     + . .     Faith    .   A - +6 chain mail "Munoroa" {rF+ rN+ Int+4 Stlth-}
rPois    .         Spirit   .   B - +2 hat {MR+}
rElec    +         Reflect  .   G - scarf {repulsion}
rCorr    .         Harm     .   X - +1 pair of gloves of the Postmodern Seas {rElec Int+4 Slay+3}
MR       +++..                  q - +2 pair of boots {Fly}
Stlth    ..........             U - amulet of regeneration
HPRegen  0.87/turn              i - ring of protection from fire
MPRegen  0.20/turn              D - ring "Isics" {+Blink MR+ Str+3}

@: paralysed, heroism, drained, repel missiles
A: retaliatory headbutt, horns 2
}: 2/15 runes: decaying, serpentine
a: Heroism, Finesse, Renounce Religion, Evoke Blink, Evoke Flight


You were on level 2 of the Depths.
You worshipped Okawaru.
Okawaru was exalted by your worship.
You were not hungry.

You visited 10 branches of the dungeon, and saw 44 of its levels.
You visited 1 bazaar.
You also visited: Ossuary and Ice Cave.

You collected 6964 gold pieces.
You spent 1917 gold pieces at shops.

Inventory:

Hand Weapons
 f - the +1 executioner's axe "Orb Guardian's Bane" {vamp, rElec rC+ Dex+2 Stlth+}
   (Okawaru gifted it to you on level 3 of the Elven Halls)

   It inflicts no extra harm, but heals its wielder when it wounds a living foe.
   It affects your dexterity (+2).
   It protects you from cold.
   It insulates you from electricity.
   It makes you more stealthy.
 Y - the +8 frozen axe "Frostbite" (weapon) {freezing cloud, *Noise +Fly rC+}
   (You took it off a deep elf annihilator on level 3 of the Elven Halls)

   It has been specially enchanted to freeze those struck by it, causing extra
   injury to most foes and up to half again as much damage against particularly
   susceptible opponents.
   It can also slow down cold-blooded creatures.
   It protects you from cold.
   It lets you fly.
   It may make noises in combat.
Missiles
 p - 5 throwing nets (quivered) {!f}
Armour
 q - a +2 pair of boots of flying (worn)
   (You found it on level 1 of the Vaults)
 A - the +6 chain mail "Munoroa" (worn) {rF+ rN+ Int+4 Stlth-}
   (You bought it in a shop on level 1 of the Orcish Mines)

   It affects your intelligence (+4).
   It protects you from fire.
   It protects you from negative energy.
   It makes you less stealthy.
 B - a +2 hat of magic resistance (worn)
   (You found it on level 1 of the Snake Pit)
 G - a scarf of repulsion (worn)
   (Okawaru gifted it to you on level 4 of the Snake Pit)
 X - the +1 pair of gloves of the Postmodern Seas (worn) {rElec Int+4 Slay+3}
   (Okawaru gifted it to you on level 4 of the Lair of Beasts)

   It affects your intelligence (+4).
   It affects your accuracy and damage with ranged weapons and melee attacks
   (+3).
   It insulates you from electricity.
Jewellery
 i - a ring of protection from fire (left hand)
   (You found it on level 3 of the Elven Halls)
 l - an uncursed ring of protection from magic
   (You found it on level 1 of the Swamp)
 z - an uncursed ring of see invisible
   (You found it on level 8 of the Dungeon)
 D - the ring "Isics" (right hand) {+Blink MR+ Str+3}
   (You found it on level 2 of the Snake Pit)

   [ring of protection from magic]

   It affects your strength (+3).
   It affects your resistance to hostile enchantments.
   It lets you blink.
 R - an uncursed ring of poison resistance
   (You bought it in a shop on level 2 of the Orcish Mines)
 U - an amulet of regeneration (around neck)
   (You found it on level 1 of the Swamp)
Wands
 c - a wand of disintegration (17)
   (You found it on level 1 of the Snake Pit)
 d - a wand of iceblast (70)
   (You found it on level 6 of the Dungeon)
 t - a wand of flame (116)
   (You found it on level 11 of the Dungeon)
 u - a wand of paralysis (19)
   (You found it on level 11 of the Dungeon)
 x - a wand of acid (6)
   (You found it on level 1 of the Lair of Beasts)
 E - a wand of clouds (4)
   (You found it on level 8 of the Dungeon)
 I - a wand of scattershot (3)
   (You found it on level 12 of the Dungeon)
 O - a wand of polymorph (12)
   (You found it on level 3 of the Vaults)
Scrolls
 b - 6 scrolls of identify {@r1}
 g - 18 scrolls of teleportation {@r4}
 h - 14 scrolls of fear
 j - 12 scrolls of immolation {!r}
 k - 18 scrolls of remove curse {@r2}
 w - 4 scrolls of magic mapping
 K - 2 scrolls of fog
 L - 2 scrolls of noise {!r}
 M - 5 scrolls of enchant armour
 Q - a scroll of enchant weapon
 V - 5 scrolls of blinking
Potions
 a - 5 potions of heal wounds {@q2}
 m - 12 potions of curing {@q1}
 n - 6 potions of might
 o - 10 potions of invisibility
 r - 6 potions of cancellation
 s - 9 potions of haste {@q3}
 v - 2 potions of berserk rage
 C - 4 potions of flight
 F - 3 potions of lignification {!q}
 J - a potion of resistance
 N - 2 potions of ambrosia
 Z - 3 potions of agility
Miscellaneous
 y - a phial of floods
   (You found it on level 3 of the Elven Halls)
 P - a phantom mirror
 S - a lightning rod (4/4) {!a}
   (You found it on level 3 of the Crypt)
 T - 5 boxes of beasts
 W - a fan of gales
   (You found it on level 3 of the Elven Halls)
Comestibles
 e - 40 rations {!d}
 H - a chunk of flesh


   Skills:
 + Level 22.4(26.6) Fighting
 - Level 26.0(26.6) Axes
 - Level 2.0(6.7) Throwing
 + Level 22.3(26.6) Armour
 - Level 20.0(24.6) Dodging
 + Level 5.1(4.9) Charms
 + Level 5.6(5.4) Necromancy
 - Level 7.0(6.7) Invocations


You had 16 spell levels left.
You knew the following spells:

 Your Spells              Type           Power        Failure   Level  Hunger
e - Regeneration          Chrm/Necr      ##........   22%         3    ####...
u - Animate Skeleton      Necr           N/A          7%          1    ##.....
w - Song of Slaying       Chrm           ##......     13%         2    ###....

Your spell library contained the following spells:

 Spells                   Type           Power        Failure   Level  Hunger
 Pain                     Necr           ###.         7%          1    ##.....
 Infusion                 Chrm           ##..         9%          1    ##.....
 Corpse Rot               Necr           N/A          11%         2    ###....
 Sublimation of Blood     Necr           ###.......   11%         2    ###....
 Vampiric Draining        Necr           ###.......   21%         3    ####...
 Shroud of Golubria       Chrm/Tloc      #.........   34%         2    ###....
 Swiftness                Chrm/Air       #.......     34%         2    ###....
 Apportation              Tloc           #.....       52%         1    ##.....
 Beastly Appendage        Tmut           #.....       52%         1    ##.....
 Confusing Touch          Hex            #.....       52%         1    ##.....
 Corona                   Hex            #......      52%         1    ##.....
 Freeze                   Ice            #...         52%         1    ##.....
 Magic Dart               Conj           #...         52%         1    ##.....
 Shock                    Conj/Air       #...         52%         1    ##.....
 Sting                    Conj/Pois      #...         52%         1    ##.....
 Summon Butterflies       Summ           #.......     52%         1    ##.....
 Summon Small Mammal      Summ           #...         52%         1    ##.....
 Ozocubu's Armour         Chrm/Ice       #.......     56%         3    ####...
 Spectral Weapon          Hex/Chrm       #.......     56%         3    ####...
 Animate Dead             Necr           N/A          56%         4    #####..
 Call Imp                 Summ           #.......     67%         2    ###....
 Passwall                 Tmut/Erth      #.......     67%         2    ###....
 Poisonous Vapours        Pois/Air       #.....       67%         2    ###....
 Searing Ray              Conj           #.....       67%         2    ###....
 Slow                     Hex            #.......     67%         2    ###....
 Sticks to Snakes         Tmut           #.......     67%         2    ###....
 Throw Frost              Conj/Ice       #.....       67%         2    ###....
 Dazzling Spray           Conj/Hex       #.....       88%         3    ####...
 Inner Flame              Hex/Fire       #.......     88%         3    ####...
 Lesser Beckoning         Tloc           #.........   88%         3    ####...
 Mephitic Cloud           Conj/Pois/Air  #.......     88%         3    ####...
 Portal Projectile        Hex/Tloc       #.....       88%         3    ####...
 Spider Form              Tmut/Pois      #.........   88%         3    ####...
 Static Discharge         Conj/Air       #.......     88%         3    ####...
 Stone Arrow              Conj/Erth      #.....       88%         3    ####...
 Tukima's Dance           Hex            #.......     88%         3    ####...
 Agony                    Necr           ###.....     88%         5    ######.
 Dispel Undead            Necr           ###.....     88%         5    ######.
 Excruciating Wounds      Chrm/Necr      ##........   91%         5    ######.
 Airstrike                Air            #.........   99%         4    #####..
 Cause Fear               Hex            #.........   99%         4    #####..
 Force Lance              Conj/Tloc      #.......     99%         4    #####..
 Fulminant Prism          Conj/Hex       #.........   99%         4    #####..
 Ice Form                 Ice/Tmut       #.......     99%         4    #####..
 Iskenderun's Mystic Bla  Conj           #.......     99%         4    #####..
 Leda's Liquefaction      Hex/Erth       #.........   99%         4    #####..
 Olgreb's Toxic Radiance  Pois           #.......     99%         4    #####..
 Passage of Golubria      Tloc           N/A          99%         4    #####..
 Summon Ice Beast         Ice/Summ       #.......     99%         4    #####..
 Summon Lightning Spire   Summ/Air       #.......     99%         4    #####..
 Throw Icicle             Conj/Ice       #.......     99%         4    #####..
 Bolt of Draining         Conj/Necr      #.........   99%         5    ######.
 Iskenderun's Battlesphe  Conj/Chrm      #.......     99%         5    ######.
 Alistair's Intoxication  Tmut/Pois      #.......     100%        5    ######.
 Aura of Abjuration       Summ           #.........   100%        5    ######.
 Blade Hands              Tmut           #.........   100%        5    ######.
 Bolt of Magma            Conj/Fire/Erth #.........   100%        5    ######.
 Irradiate                Conj/Tmut      #.........   100%        5    ######.
 Lee's Rapid Deconstruct  Erth           #.........   100%        5    ######.
 Lightning Bolt           Conj/Air       #.........   100%        5    ######.
 Silence                  Hex/Air        #.........   100%        5    ######.
 Summon Demon             Summ           #.........   100%        5    ######.
 Venom Bolt               Conj/Pois      #.........   100%        5    ######.
 Yara's Violent Unravell  Hex/Tmut       #.........   100%        5    ######.
 Bolt of Fire             Conj/Fire      #.........   100%        6    #######
 Conjure Ball Lightning   Conj/Air       #.........   100%        6    #######
 Darkness                 Hex            #.........   100%        6    #######
 Deflect Missiles         Chrm/Air       #.........   100%        6    #######
 Hydra Form               Tmut           #.........   100%        6    #######
 Invisibility             Hex            #.......     100%        6    #######
 Iron Shot                Conj/Erth      #.........   100%        6    #######
 Statue Form              Tmut/Erth      #........    100%        6    #######
 Dragon Form              Tmut           #.........   100%        7    #######
 Haunt                    Necr/Summ      #.........   100%        7    #######
 Malign Gateway           Summ/Tloc      #.........   100%        7    #######
 Monstrous Menagerie      Summ           #.........   100%        7    #######
 Orb of Destruction       Conj           #.........   100%        7    #######
 Spellforged Servitor     Conj/Summ      #.........   100%        7    #######
 Summon Greater Demon     Summ           #.........   100%        7    #######
 Borgnjor's Revivificati  Necr           ###.......   100%        8    #######
 Death's Door             Chrm/Necr      ##........   100%        8    #######
 Discord                  Hex            #.........   100%        8    #######
 Infestation              Necr           ###.......   100%        8    #######
 Necromutation            Tmut/Necr      #.........   100%        8    #######
 Summon Horrible Things   Summ           #.........   100%        8    #######
 Tornado                  Air            #.........   100%        9    #######


Dungeon Overview and Level Annotations

Branches:
Dungeon (15/15)            Temple (1/1) D:7            Lair (6/6) D:10
  Swamp (4/4) Lair:4        Snake (4/4) Lair:2        Slime (0/5) Lair:5
    Orc (2/2) D:9             Elf (3/3) Orc:2        Vaults (4/5) D:14
  Crypt (3/3) Vaults:2       Tomb (0/3) Crypt:3      Depths (2/5) D:15

Altars:
Ashenzari
Cheibriados
Dithmenos
Elyvilon
Fedhas
Gozag
Hepliaklqana
Kikubaaqudgha
Makhleb
Nemelex Xobeh
Okawaru
Qazlal
Ru
Sif Muna
Trog
Uskayaw
Vehumet
Wu Jian
Xom
Yredelemnul
Zin
The Shining One
Beogh
Jiyva

Shops:
D:4 *   D:5 %   D:7 ?   D:14 [*   D:15 *   Orc:1 [(?*   Orc:2 %!*=   Elf:1 *
Elf:3 =[[%   Snake:3 =}=   Snake:4 [   Vaults:1 !   Depths:2 %(

Portals:
Hell: Depths:1
Abyss: Depths:1
Trove: D:11 (give 7 potions of agility)

Annotations:
D:13 1 runed door
Elf:1 6 runed translucent doors


Innate Abilities, Weirdness & Mutations

You reflexively headbutt those who attack you in melee.
You have a pair of horns on your head.


Message History

You kill the deep troll!
The deep troll's corpse dissolves into shadows!
The deep troll earth mage is engulfed in freezing vapours.
The deep troll earth mage bites you but does no damage.
The deep troll earth mage claws you but does no damage.
The deep troll earth mage completely misses you.
The deep troll bites you but does no damage.
The deep troll claws you but does no damage.
The deep troll completely misses you.
The floating eye gazes piercingly through you!
You suddenly lose the ability to move!
You hear some strange, mumbled words.
The deep troll bites you but does no damage.
The deep troll claws you.
* * * LOW HITPOINT WARNING * * *
The deep troll claws you but does no damage.
You hear some strange, mumbled words.
The deep troll earth mage is engulfed in freezing vapours.
The deep troll earth mage bites you!
* * * LOW HITPOINT WARNING * * *
The deep troll earth mage claws you but does no damage. x2
The deep troll bites you.
* * * LOW HITPOINT WARNING * * *
The deep troll claws you.
* * * LOW HITPOINT WARNING * * *
The deep troll claws you but does no damage.
The deep troll bites you.
* * * LOW HITPOINT WARNING * * *
The deep troll claws you but does no damage.
The deep troll claws you.
* * * LOW HITPOINT WARNING * * *
A boggart appears from thin air!
Reactivating autopickup.
The floating eye's stare focuses on you.
The rakshasa completely misses you.
You hear some strange, mumbled words.
The ettin is engulfed in freezing vapours.
The ettin hits you but does no damage. x2; The deep troll bites you!
* * * LOW HITPOINT WARNING * * *
The deep troll claws you!!
* * * LOW HITPOINT WARNING * * *
The deep troll claws you!!
* * * LOW HITPOINT WARNING * * *
The deep troll earth mage is engulfed in freezing vapours.
The deep troll earth mage bites you.
* * * LOW HITPOINT WARNING * * *
The deep troll earth mage claws you.
* * * LOW HITPOINT WARNING * * *
The deep troll earth mage claws you.
You die...

.....##...
.....##..#
.....##..# ##
.....##..# GD
.....##..## 5#
.....##...# {#
.....##...# {#
..........# ##T##
..........######@T.#
..........'..[gTRC.#
..........######.i.#
..........# ##'##
..........# .#
..........# N#
###......## .# .#
#...... .' .#
......# ####### ..#


You could see a fire dragon, an ettin, a rakshasa, a salamander, 2 deep trolls,
a spriggan air mage, a deep troll earth mage, a boggart, a floating eye and an
iron imp.

Vanquished Creatures
  2 greater mummies (Crypt:3)
  The ghost of Sifeokk the Warrior, a veteran GrFi of the Shining One (Crypt:3)
  Boris (Vaults:2)
  Sojobo (Vaults:2)
  Saint Roka (Crypt:2)
  Xtahua (Crypt:2)
  Jory (Crypt:2)
  4 liches
  2 deep elf blademasters (Elf:3)
  Rupert (Orc:2)
  2 deep elf master archers (Elf:3)
  Frances (D:13)
  10 ancient champions
  3 thorn hunters
  Kirke (D:12)
  3 tengu reavers (Vaults:2)
  A shadow dragon (Vaults:3)
  A storm dragon (Depths:1)
  Roxanne (Snake:2)
  Donald (Orc:2)
  2 revenants
  5 nagarajas (Snake:4)
  3 fire giants
  10 vault wardens
  5 deep elf sorcerers (Elf:3)
  4 frost giants
  2 curse skulls
  15 ironheart preservers
  2 ghouls
  4 deep elf elementalists (Elf:3)
  A reaper (Crypt:2)
  5 entropy weavers
  A caustic shrike skeleton (Crypt:2)
  14 stone giants
  2 deep elf annihilators (Elf:3)
  7 vampire knights
  4 very ugly things (Vaults:3)
  11 deep elf demonologists
  Nessos (D:12)
  Azrael (D:12)
  11 deep elf death magi
  6 ettins
  7 eidola
  Josephine (D:11)
  6 deep elf high priests
  2 fire dragons
  6 jiangshi
  Erolcha (D:10)
  Fannar (Orc:1)
  4 great orbs of eyes
  5 rakshasas
  10 yaktaur captains
  5 ice dragons
  Harold (D:7)
  6 vault guards
  18 hydras
  5 ghost crabs
  25 naga warriors
  A spriggan air mage (Depths:2)
  A catoblepas (D:15)
  11 centaur warriors
  5 death knights
  2 shambling mangroves
  28 dancing weapons
  15 alligators
  3 tengu warriors
  11 anacondas
  2 deep troll shamans (Depths:2)
  26 two-headed ogres
  8 ogre magi
  11 vampire magi
  4 deep troll earth magi
  5 orc high priests
  Urug (Lair:2)
  6 shock serpents
  3 spriggan berserkers
  11 naga sharpshooters
  3 soul eaters
  3 salamander mystics
  6 fire crabs (Lair:4)
  2 storm dragon zombies
  23 deep elf knights
  2 shadow wraiths
  Nergalle (D:11)
  30 skeletal warriors
  A spectral minotaur (Crypt:3)
  A ghost moth zombie (Crypt:3)
  A golden dragon zombie (Crypt:3)
  An unseen horror (shapeshifter) (Vaults:3)
  2 glowing orange brains
  4 flayed ghosts
  3 lindwurms (Swamp:4)
  2 sea snakes (Snake:3)
  4 wizards
  A spectral anaconda (Crypt:3)
  4 unseen horrors
  18 deep elf archers
  20 deep trolls
  A spectral iron dragon (Crypt:3)
  9 naga ritualists
  3 spriggan druids
  8 swamp dragons (Swamp:4)
  Pikel (D:6)
  12 ironbrand convokers
  7 phantasmal warriors
  10 mana vipers
  3 wolf spiders (Vaults:4)
  66 deep elf magi
  6 orc sorcerers
  2 harpies (Vaults:4)
  A spectral ice dragon (Crypt:3)
  An iron dragon zombie (D:15)
  10 orc knights
  A stone giant zombie (Depths:1)
  6 necromancers
  12 salamanders
  4 cyclopes
  31 ugly things
  3 manticores
  A cyclops (shapeshifter) (Vaults:4)
  A fire giant zombie (Vaults:4)
  2 sphinx skeletons (Crypt:2)
  A spectral shock serpent (Crypt:3)
  6 elephants
  3 guardian serpents
  24 black mambas
  34 naga magi
  13 vault sentinels
  2 guardian serpents (shapeshifter)
  A smoke demon (Depths:1)
  5 torpor snails (Lair:4)
  An apocalypse crab (Lair:4)
  A shock serpent zombie (Crypt:1)
  A gargoyle (D:13)
  9 centaur skeletons
  12 spiny frogs
  2 alligator snapping turtle zombies (Crypt:2)
  A dire elephant skeleton (Crypt:2)
  A shock serpent skeleton (Crypt:1)
  2 rime drakes
  An elephant slug zombie (Crypt:2)
  A yaktaur zombie (D:15)
  A kobold demonologist (D:14)
  An efreet (D:14)
  8 freezing wraiths
  2 anaconda simulacra (Crypt:3)
  4 komodo dragons
  48 yaktaurs
  5 guardian mummies (Crypt:3)
  2 human skeletons
  3 tengu conjurers
  14 tyrant leeches
  3 meliai (D:15)
  2 hornets (shapeshifter)
  6 trolls
  An iron troll skeleton (Crypt:3)
  A small abomination (Elf:1)
  A meliai (shapeshifter) (Vaults:1)
  A harpy zombie (Crypt:3)
  4 polar bears (Lair:6)
  18 hornets
  A shadow dragon simulacrum (Crypt:3)
  A satyr zombie (Crypt:3)
  A blink frog (shapeshifter) (Depths:1)
  8 bog bodies
  A dream sheep (shapeshifter) (Depths:1)
  11 blink frogs
  3 deep troll zombies
  A fire giant simulacrum (Crypt:3)
  26 slime creatures
  2 spriggan zombies (Depths:1)
  2 iron dragon simulacra (Crypt:3)
  A fire dragon zombie (Crypt:3)
  11 hippogriffs
  An ice dragon skeleton (Crypt:3)
  A stone giant simulacrum (Crypt:3)
  4 shadows
  7 water elementals
  5 flying skulls (Crypt:1)
  A meliai zombie (D:14)
  4 vampires
  38 yaks
  3 air elementals
  2 tarantellas (shapeshifter)
  A human (shapeshifter) (Vaults:4)
  16 spriggans
  A wyvern (shapeshifter) (Elf:1)
  3 wyverns
  9 wraiths
  6 fire elementals
  A golden eye (shapeshifter) (Vaults:2)
  A basilisk (Lair:3)
  6 hogs (D:12)
  Eustachio (D:5)
  A steam dragon (D:12)
  2 human simulacra (Vaults:4)
  30 vampire mosquitoes
  A spriggan simulacrum (Depths:1)
  11 wargs
  A glowing shapeshifter zombie (Crypt:1)
  A merfolk zombie (Crypt:2)
  An acid dragon (Vaults:2)
  40 insubstantial wisps
  57 nagas
  19 swamp worms
  9 water moccasins
  5 hell hounds
  A hydra simulacrum (Crypt:3)
  5 porcupines
  6 sky beasts
  A spiny frog zombie (Crypt:1)
  13 swamp drakes
  9 ice beasts
  An infernal demonspawn skeleton (Crypt:3)
  2 black bears (Lair:6)
  2 phantoms
  9 boggarts
  34 orc warriors
  20 wolves
  3 slaves (D:6)
  22 ogres
  A boggart (shapeshifter) (D:15)
  2 dream sheep skeletons (Crypt:1)
  2 necrophages
  A lindwurm skeleton (Crypt:3)
  21 centaurs
  A torpor snail zombie (Crypt:3)
  9 crocodiles
  A blink frog skeleton (Crypt:3)
  3 big kobolds (D:14)
  2 elf zombies
  24 bullfrogs
  2 earth elementals
  A wyvern zombie (D:10)
  An ogre simulacrum (Vaults:1)
  A wyvern skeleton (D:14)
  3 scorpions
  18 wights
  7 electric eels
  2 howler monkeys
  9 crimson imps
  A bullfrog zombie (D:11)
  8 centaur zombies
  4 human zombies
  A jelly (D:13)
  5 hounds
  36 orc priests
  29 orc wizards
  A bullfrog skeleton (Crypt:2)
  Natasha (thrice) (D:2)
  6 iguanas
  9 worker ants
  9 mummies
  A worker ant zombie (D:7)
  6 gnolls
  10 adders
  3 shadow imps
  12 white imps (D:11)
  An adder skeleton (D:3)
  7 worms
  A dart slug (D:1)
  A leopard gecko (D:8)
  117 orcs
  8 giant cockroaches
  12 goblins
  7 hobgoblins
  18 jackals
  4 quokkas
  3 ball pythons
  A ball python skeleton (Crypt:3)
  6 bats
  7 frilled lizards
  A giant cockroach zombie (Crypt:1)
  7 hobgoblin zombies (Ossuary)
  2 jackal zombies (Ossuary)
  12 kobolds
  13 kobold zombies (Ossuary)
  A leopard gecko zombie (D:6)
  7 orc zombies (Ossuary)
  A quokka zombie (D:6)
  3 rats
  2 rat zombies (Ossuary)
  9 briar patches (Swamp:1)
  2 fungi
  2 plants
1987 creatures vanquished.

Vanquished Creatures (collateral kills)
  2 hydras (Swamp:4)
2 creatures vanquished.

Vanquished Creatures (others)
  A deep elf elementalist (Elf:3)
  An orc high priest (Elf:1)
  2 spriggan druids
  A deep elf mage (Elf:1)
  A black mamba (Snake:2)
  A hornet (Swamp:2)
  A blink frog (Swamp:2)
  A spriggan (Swamp:3)
  An insubstantial wisp (Swamp:2)
  A boggart (Depths:2)
  An orc priest (Orc:2)
  8 orcs (Elf:1)
  A briar patch (Swamp:1)
  A fire vortex (Depths:1)
  6 plants
  7 toadstools (Swamp:3)
35 creatures vanquished.

Grand Total: 2024 creatures vanquished

Notes
Turn   | Place    | Note
-------+----------+-------------------------------------------
     0 | D:1      | Crom the Minotaur Gladiator began the quest for the Orb.
     0 | D:1      | Reached XP level 1. HP: 18/18 MP: 0/0
    49 | D:1      | Reached XP level 2. HP: 23/25 MP: 1/1
    53 | D:1      | Reached skill level 4 in Axes
   529 | D:2      | Reached skill level 1 in Armour
   592 | D:2      | Reached XP level 3. HP: 25/30 MP: 2/2
   942 | D:2      | Noticed Natasha
   947 | D:2      | Killed Natasha
   947 | D:2      | Reached XP level 4. HP: 37/38 MP: 3/3
  1133 | D:2      | Noticed Natasha
  1138 | D:2      | Killed Natasha
  1138 | D:2      | Reached skill level 5 in Axes
  1201 | D:2      | Noticed Natasha
  1218 | D:2      | Killed Natasha
  1218 | D:2      | Reached XP level 5. HP: 34/45 MP: 4/4
  1584 | D:3      | Found a glowing golden altar of the Shining One.
  1591 | D:3      | Found a faded altar of an unknown god.
  2049 | D:4      | Reached skill level 6 in Axes
  2049 | D:4      | Reached XP level 6. HP: 47/52 MP: 5/5
  2460 | D:4      | Found Panajug's General Store.
  2819 | D:4      | Got a warped ring mail
  3061 | D:5      | Entered Level 5 of the Dungeon
  3150 | D:5      | Identified the +5 ring mail of Dishonour {MR+} (You found
                  | it on level 4 of the Dungeon)
  3278 | D:5      | Found a burning altar of Makhleb.
  3278 | D:5      | Found a glowing silver altar of Zin.
  3292 | D:5      | Reached XP level 7. HP: 60/60 MP: 6/6
  3307 | D:5      | Noticed an angel
  3307 | D:5      | Noticed an Executioner
  3337 | D:5      | Reached skill level 7 in Axes
  3343 | D:5      | Reached skill level 5 in Dodging
  3413 | D:5      | Found Eseiluo's Food Shop.
  3705 | D:5      | Noticed Eustachio
  3718 | D:5      | Killed Eustachio
  3718 | D:5      | Reached skill level 5 in Fighting
  3866 | D:5      | Reached skill level 8 in Axes
  3866 | D:5      | Reached XP level 8. HP: 60/69 MP: 7/7
  4135 | D:6      | Reached skill level 5 in Armour
  4416 | D:6      | Noticed Pikel
  4466 | D:6      | Killed Pikel
  4466 | D:6      | Reached skill level 9 in Axes
  4689 | D:6      | Reached XP level 9. HP: 78/78 MP: 8/8
  4723 | D:6      | Found a shimmering altar of Xom.
  4724 | D:6      | Found a hazy altar of Hepliaklqana.
  4725 | D:6      | Noticed a spectral ugly thing
  5345 | D:7      | Found a staircase to the Ecumenical Temple.
  5354 | Temple   | Entered the Ecumenical Temple
  5364 | Temple   | Became a worshipper of Warmaster Okawaru
  5432 | D:7      | Reached skill level 10 in Axes
  5480 | D:7      | Found a white marble altar of Elyvilon.
  5481 | D:7      | Found an ancient bone altar of Kikubaaqudgha.
  5566 | D:7      | Found a sparkling altar of Nemelex Xobeh.
  5903 | D:7      | Found Mozetu's Magic Scroll Shop.
  5903 | D:7      | Noticed Harold
  5925 | D:7      | Killed Harold
  5925 | D:7      | Reached * piety under Okawaru
  5925 | D:7      | Reached skill level 11 in Axes
  6205 | D:8      | Found a sand-covered staircase.
  6263 | Ossuary  | Entered an ossuary
  6391 | Ossuary  | Reached ** piety under Okawaru
  6773 | D:8      | Reached XP level 10. HP: 88/88 MP: 9/9
  6953 | D:8      | Found a basalt altar of Yredelemnul.
  6953 | D:8      | Found a bloodstained altar of Trog.
  7240 | D:9      | Found a staircase to the Orcish Mines.
  7795 | D:9      | Reached *** piety under Okawaru
  7916 | D:9      | Reached skill level 12 in Axes
  8079 | D:10     | Entered Level 10 of the Dungeon
  8161 | D:10     | Found a staircase to the Lair.
  8315 | D:10     | Noticed Erolcha
  8323 | D:10     | Killed Erolcha
  8537 | D:10     | Noticed a two-headed ogre
  8540 | D:10     | Noticed a two-headed ogre
  8691 | D:10     | Killed a two-headed ogre
  8691 | D:10     | Reached **** piety under Okawaru
  8697 | D:10     | Killed a two-headed ogre
  8697 | D:10     | Received a gift from Okawaru
  8697 | D:10     | Reached skill level 13 in Axes
  8697 | D:10     | Reached XP level 11. HP: 57/97 MP: 7/10
  8897 | D:10     | Noticed a two-headed ogre
  9182 | D:10     | Killed a two-headed ogre
  9826 | D:11     | Found a frozen archway.
  9973 | IceCv    | Entered an ice cave
  9973 | IceCv    | Noticed a white ugly thing
  9989 | IceCv    | Killed a white ugly thing
  9994 | IceCv    | Found a transporter.
 10017 | IceCv    | Noticed a white ugly thing
 10024 | IceCv    | Killed a white ugly thing
 10024 | IceCv    | Reached skill level 10 in Fighting
 10026 | IceCv    | Found a transporter.
 10416 | D:11     | Reached ***** piety under Okawaru
 10472 | D:11     | Reached skill level 14 in Axes
 10567 | D:11     | Found a portal to a secret trove of treasure.
 10630 | D:11     | Reached skill level 10 in Armour
 10635 | D:11     | Noticed Nergalle
 10645 | D:11     | Noticed a spectral orc warlord
 10648 | D:11     | Noticed Josephine
 10655 | D:11     | Killed Nergalle
 10655 | D:11     | Received a gift from Okawaru
 10668 | D:11     | Killed Josephine
 10668 | D:11     | Reached skill level 10 in Dodging
 10962 | D:12     | Noticed Kirke
 10975 | D:12     | Killed Kirke
 10975 | D:12     | Reached XP level 12. HP: 83/108 MP: 8/11
 11068 | D:12     | Noticed Azrael
 11076 | D:12     | Killed Azrael
 11076 | D:12     | Reached skill level 15 in Axes
 11270 | D:12     | Noticed a two-headed ogre
 11284 | D:12     | Killed a two-headed ogre
 11519 | D:12     | Found a deep blue altar of Sif Muna.
 11626 | D:12     | Noticed Nessos
 11640 | D:12     | Killed Nessos
 11904 | D:13     | Received a gift from Okawaru
 11913 | D:13     | Noticed a centaur warrior
 11926 | D:13     | Killed a centaur warrior
 12048 | D:13     | Noticed Frances
 12560 | D:13     | Got an encrusted leather armour
 12831 | D:13     | Reached skill level 16 in Axes
 12961 | D:13     | Found a runed door.
 12961 | D:13     | Noticed a fire giant
 12961 | D:13     | Noticed an iron dragon
 12961 | D:13     | Noticed a shadow dragon
 12963 | D:13     | Noticed a deep troll earth mage
 12963 | D:13     | Noticed an ettin
 12963 | D:13     | Noticed a deep elf annihilator
 12963 | D:13     | Noticed a tengu reaver
 13167 | D:13     | Killed Frances
 13167 | D:13     | Reached ****** piety under Okawaru
 13167 | D:13     | Reached XP level 13. HP: 85/118 MP: 8/12
 13341 | D:14     | Received a gift from Okawaru
 13571 | D:14     | Identified the cursed +1 leather armour of Jonn {Str+4}
                  | (You found it on level 13 of the Dungeon)
 14007 | D:14     | Received a gift from Okawaru
 14029 | D:14     | Found a basalt altar of Yredelemnul.
 14543 | D:14     | Found a gate to the Vaults.
 14559 | D:14     | Found Caowovi's Antique Armour Emporium.
 14606 | D:14     | Found Borebbed's Changing Room.
 14900 | D:15     | Entered Level 15 of the Dungeon
 14973 | D:15     | Received a gift from Okawaru
 14992 | D:15     | Reached skill level 17 in Axes
 16107 | D:15     | Received a gift from Okawaru
 16121 | D:15     | Reached XP level 14. HP: 67/129 MP: 4/13
 17074 | D:15     | Found Teiwni's Blood Bar.
 17202 | D:15     | Found an ancient bone altar of Kikubaaqudgha.
 17216 | D:15     | Reached skill level 18 in Axes
 17320 | D:15     | Received a gift from Okawaru
 17323 | D:15     | Got a pair of bloodstained boots {god gift}
 17325 | D:15     | Identified the +0 pair of boots of Zilutam {Dex+5} (Okawaru
                  | gifted it to you on level 15 of the Dungeon)
 17371 | D:15     | Got a fine scale mail
 17372 | D:15     | Identified the +4 scale mail "Daem" {*Corrode rElec rPois
                  | Int-5} (You found it on level 15 of the Dungeon)
 17375 | D:15     | Found a sacrificial altar of Ru.
 17445 | D:15     | Found a staircase to the Depths.
 17660 | Lair:1   | Entered Level 1 of the Lair of Beasts
 18253 | Lair:2   | Found a staircase to the Snake Pit.
 18316 | Lair:2   | Noticed Urug
 18323 | Lair:2   | Killed Urug
 20232 | Lair:4   | Found a snail-covered altar of Cheibriados.
 20384 | Lair:4   | Found a runed door.
 20828 | Lair:4   | Found a staircase to the Swamp.
 21129 | Lair:4   | Noticed an entropy weaver
 21143 | Lair:4   | Killed an entropy weaver
 21233 | Lair:4   | Noticed an entropy weaver
 21248 | Lair:4   | Killed an entropy weaver
 21248 | Lair:4   | Received a gift from Okawaru
 21251 | Lair:4   | Got a pair of slimy gloves {god gift}
 21264 | Lair:4   | Identified the +1 pair of gloves of the Postmodern Seas
                  | {rElec Int+4 Slay+3} (Okawaru gifted it to you on level 4
                  | of the Lair of Beasts)
 21551 | Lair:4   | Noticed an entropy weaver
 21567 | Lair:4   | Killed an entropy weaver
 21567 | Lair:4   | Reached skill level 19 in Axes
 22035 | Lair:4   | Noticed an entropy weaver
 22045 | Lair:4   | Killed an entropy weaver
 22068 | Lair:4   | Reached XP level 15. HP: 120/138 MP: 14/14
 22875 | Lair:5   | Found a viscous altar of Jiyva.
 22876 | Lair:5   | Found a staircase to the Slime Pits.
 23005 | Lair:6   | Entered Level 6 of the Lair of Beasts
 23986 | Orc:1    | Entered Level 1 of the Orcish Mines
 24017 | Orc:1    | Received a gift from Okawaru
 24032 | Orc:1    | Found Miopet's Assorted Antiques.
 24145 | Orc:2    | Entered Level 2 of the Orcish Mines
 24268 | Orc:1    | Noticed Fannar
 24274 | Orc:1    | Killed Fannar
 24324 | Orc:1    | Found Emuuh's Magic Scroll Shoppe.
 24451 | Orc:2    | Found a roughly hewn altar of Beogh.
 24683 | Orc:2    | Noticed Donald
 24832 | Orc:2    | Killed Donald
 24899 | Orc:2    | Found a staircase to the Elven Halls.
 25060 | Orc:2    | Reached skill level 20 in Axes
 25434 | Orc:2    | Reached skill level 15 in Fighting
 25747 | Orc:2    | Noticed Rupert
 25759 | Orc:2    | Killed Rupert
 25890 | Orc:2    | Found Imoam's Assorted Antiques.
 25890 | Orc:2    | Found Fouff's Food Shop.
 25894 | Orc:2    | Found Mupep's Distillery.
 25896 | Orc:2    | Found Peogiuli's Jewellery Boutique.
 25902 | Orc:2    | Bought a potion of agility for 40 gold pieces
 25903 | Orc:2    | Bought an uncursed ring of poison resistance for 300 gold
                  | pieces
 26014 | Orc:1    | Found Ehyih's Antique Armour Shoppe.
 26052 | Orc:1    | Bought a brightly glowing chain mail for 285 gold pieces
 26052 | Orc:1    | Identified the +6 chain mail "Munoroa" {rF+ rN+ Int+4
                  | Stlth-} (You bought it in a shop on level 1 of the Orcish
                  | Mines)
 26122 | Orc:1    | Found Tamiu's Antique Weapon Shoppe.
 26359 | Swamp:1  | Entered Level 1 of the Swamp
 26549 | Swamp:1  | Reached skill level 15 in Armour
 26552 | Swamp:1  | Reached XP level 16. HP: 149/149 MP: 12/15
 26704 | Swamp:1  | Noticed a thorn hunter
 26719 | Swamp:1  | Killed a thorn hunter
 27177 | Swamp:1  | Received a gift from Okawaru
 27905 | Swamp:2  | Noticed a thorn hunter
 27916 | Swamp:2  | Killed a thorn hunter
 28415 | Swamp:2  | Received a gift from Okawaru
 28422 | Swamp:2  | Got a pitted executioner's axe {god gift}
 28544 | Swamp:2  | Identified the +1 executioner's axe of Defilement {freeze,
                  | +Fly rC+} (Okawaru gifted it to you on level 2 of the
                  | Swamp)
 28606 | Swamp:2  | Reached skill level 21 in Axes
 29056 | Swamp:2  | Found a sacrificial altar of Ru.
 29667 | Swamp:2  | Reached skill level 15 in Dodging
 29793 | Swamp:3  | Noticed a thorn hunter
 29796 | Swamp:3  | Received a gift from Okawaru
 30059 | Swamp:3  | Killed a thorn hunter
 30506 | Swamp:3  | Got a brightly glowing jade ring
 30511 | Swamp:3  | Identified the ring of Equggewn {-Tele *Drain +Fly Str+8
                  | Int+5} (You found it on level 3 of the Swamp)
 30737 | Swamp:4  | Entered Level 4 of the Swamp
 31253 | Swamp:4  | Reached XP level 17. HP: 111/159 MP: 10/16
 31883 | Swamp:4  | Received a gift from Okawaru
 32216 | Swamp:4  | Got a decaying rune of Zot
 32393 | Snake:1  | Entered Level 1 of the Snake Pit
 32410 | Snake:1  | Got a smoking chain mail
 32411 | Snake:1  | Identified the cursed +0 chain mail "Maf Goom" {rC+ MP+9
                  | SInv} (You found it on level 1 of the Snake Pit)
 32426 | Snake:1  | Got a bloodstained halberd
 32585 | Snake:1  | Received a gift from Okawaru
 32633 | Snake:1  | Got a faintly glowing pewter amulet
 32634 | Snake:1  | Identified the amulet "Xasoken" {Fragile +Rage rN+ MP+9
                  | Str+7} (You found it on level 1 of the Snake Pit)
 33306 | Snake:2  | Reached skill level 1 in Invocations
 33961 | Snake:2  | Received a gift from Okawaru
 33968 | Snake:2  | Got a shimmering longbow {god gift}
 33969 | Snake:2  | Identified the +1 longbow of Bloody Death {velocity,
                  | Str+10} (Okawaru gifted it to you on level 2 of the Snake
                  | Pit)
 34015 | Snake:2  | Found a glowing silver altar of Zin.
 34025 | Snake:2  | Got a translucent silver ring
 34026 | Snake:2  | Identified the ring "Isics" {+Blink MR+ Str+3} (You found
                  | it on level 2 of the Snake Pit)
 34125 | Snake:2  | Identified Roxanne's Disquisition on Moulding
 34125 | Snake:2  | Noticed Roxanne
 34363 | Snake:2  | Killed Roxanne
 34566 | Snake:3  | Reached skill level 5 in Invocations
 34827 | Snake:3  | Found Zephoos's Gadget Boutique.
 34828 | Snake:3  | Found Qotus's Jewellery Shoppe.
 34828 | Snake:3  | Found Zojumm's Jewellery Shoppe.
 34872 | Snake:3  | Received a gift from Okawaru
 34958 | Snake:4  | Entered Level 4 of the Snake Pit
 35590 | Snake:4  | Reached XP level 18. HP: 170/170 MP: 22/22
 35601 | Snake:4  | Received a gift from Okawaru
 35815 | Snake:4  | Learned a level 1 spell: Animate Skeleton
 35818 | Snake:4  | Learned a level 2 spell: Song of Slaying
 35822 | Snake:4  | Learned a level 3 spell: Regeneration
 36015 | Snake:4  | Found Zoadde's Armour Boutique.
 36097 | Snake:4  | Identified the ring of Piemyh {*Corrode rF+ MR++ Str+4
                  | SInv} (You found it on level 4 of the Snake Pit)
 37027 | Snake:4  | Received a gift from Okawaru
 37172 | Snake:4  | Got a serpentine rune of Zot
 37661 | Elf:1    | Entered Level 1 of the Elven Halls
 37899 | Elf:1    | Identified the +2 leather armour of the Past {Int+4}
 37907 | Elf:1    | Noticed an Ice Fiend
 37927 | Elf:1    | Noticed an Ice Fiend
 38201 | Elf:1    | Found a runed translucent gate.
 38201 | Elf:1    | Found a runed translucent gate.
 38201 | Elf:1    | Found a runed translucent gate.
 38201 | Elf:1    | Found a runed translucent gate.
 38201 | Elf:1    | Found a runed translucent gate.
 38202 | Elf:1    | Found a runed translucent gate.
 38349 | Elf:1    | Identified the Papyrus of Mutagenic Necromancy
 38429 | Elf:1    | Reached skill level 22 in Axes
 38504 | Elf:1    | You fall through a shaft!
 38638 | Elf:2    | Found a runed gate.
 38642 | Elf:2    | Found a runed gate.
 38643 | Elf:2    | Found a runed gate.
 38689 | Elf:2    | Received a gift from Okawaru
 38698 | Elf:2    | Reached XP level 19. HP: 147/180 MP: 20/23
 39099 | Elf:1    | Found Waev's Assorted Antiques.
 39881 | Elf:2    | Received a gift from Okawaru
 40077 | Elf:3    | Entered Level 3 of the Elven Halls
 40397 | Elf:3    | Received a gift from Okawaru
 40397 | Elf:3    | Reached skill level 23 in Axes
 40400 | Elf:3    | Identified the +1 executioner's axe "Orb Guardian's Bane"
                  | {vamp, rElec rC+ Dex+2 Stlth+} (Okawaru gifted it to you on
                  | level 3 of the Elven Halls)
 40401 | Elf:3    | Identified the +0 scale mail of the Pit {rC+ Int+4 SInv}
 40635 | Elf:3    | Identified the Grimoire of Illusion
 40651 | Elf:3    | Found a flickering gateway to a bazaar.
 40661 | Bazaar   | Entered a bazaar
 40663 | Bazaar   | Found Ucuph's Magic Scroll Shoppe.
 40671 | Bazaar   | Found Weragav's Jewellery Shop.
 40712 | Bazaar   | Found Ullettic's Food Emporium.
 40720 | Bazaar   | Found Gasoaf's Book Boutique.
 40777 | Bazaar   | Bought a scroll of acquirement for 572 gold pieces
 40777 | Bazaar   | Bought a scroll of identify for 22 gold pieces
 40777 | Bazaar   | Bought a scroll of identify for 22 gold pieces
 40777 | Bazaar   | Bought a scroll of acquirement for 572 gold pieces
 40777 | Bazaar   | Bought a scroll of enchant armour for 82 gold pieces
 40777 | Bazaar   | Bought a scroll of noise for 11 gold pieces
 40777 | Bazaar   | Bought a scroll of noise for 11 gold pieces
 40806 | Elf:3    | Identified the +0 hat "Syrynoij" {-Tele rElec rF+++ rC+}
                  | (You acquired it on level 3 of the Elven Halls)
 40813 | Elf:3    | Got a pitted crystal plate armour
 40814 | Elf:3    | Identified the +2 crystal plate armour of an ossuary {SInv}
                  | (You acquired it on level 3 of the Elven Halls)
 40945 | Elf:3    | Found Yqokas's Food Shoppe.
 40949 | Elf:3    | Found Atupsox's Antique Armour Emporium.
 40950 | Elf:3    | Found Jyn Dapn's Armour Shoppe.
 41077 | Elf:3    | Identified the +8 falchion of Doock {elec, *Corrode +Rage
                  | MR+ Dex+7}
 41081 | Elf:3    | Received a gift from Okawaru
 41085 | Elf:3    | Identified the +4 arbalest "Loraet" {elec, Str+5} (Okawaru
                  | gifted it to you on level 3 of the Elven Halls)
 41179 | Elf:3    | Found Eraidui's Jewellery Emporium.
 41357 | Elf:3    | Identified the ring of Boiptoy {Int+3 Dex+2 Stlth+}
 41361 | Elf:3    | Identified the +3 mace "Ucaischo" {flame, +Rage rC+}
 41483 | Elf:3    | Reached XP level 20. HP: 180/191 MP: 24/24
 41517 | Elf:3    | Identified the amulet of Awe {Gourm rPois rC+}
 41547 | Elf:3    | Identified the ring "Xihaz" {*Tele rF+ Int+3}
 41560 | Elf:3    | Identified Sif Muna's Handbook of the Damaging Volcanoes
 41665 | Elf:3    | Identified Nuixzesu's Compendium of Transmutation and
                  | Translocation
 41964 | Vaults:1 | Entered Level 1 of the Vaults
 42224 | Vaults:1 | Found Lisku's Distillery.
 42359 | Vaults:1 | Received a gift from Okawaru
 42366 | Vaults:1 | Got a pair of shimmering boots {god gift}
 42367 | Vaults:1 | Identified the +3 pair of boots "Sohac" {*Slow +Inv rCorr}
                  | (Okawaru gifted it to you on level 1 of the Vaults)
 43500 | Vaults:2 | Found a staircase to the Crypt.
 43545 | Vaults:2 | Reached skill level 24 in Axes
 43792 | Vaults:2 | Found a radiant altar of Vehumet.
 43984 | Vaults:2 | Got a twisted hat
 44034 | Vaults:2 | Identified the cursed +0 hat "Ruja" {MP+9} (You found it on
                  | level 2 of the Vaults)
 44131 | Vaults:2 | Noticed Boris
 44141 | Vaults:2 | Killed Boris
 44141 | Vaults:2 | Received a gift from Okawaru
 44246 | Vaults:2 | Noticed Sojobo
 44266 | Vaults:2 | Killed Sojobo
 45075 | Vaults:3 | Reached XP level 21. HP: 196/201 MP: 25/25
 45125 | Vaults:3 | Received a gift from Okawaru
 45140 | Vaults:3 | Got a warped robe {god gift}
 45312 | Vaults:3 | Got an encrusted ring mail
 45317 | Vaults:3 | Identified the +0 ring mail "Raennuab" {rPois Int+2} (You
                  | found it on level 3 of the Vaults)
 45383 | Vaults:3 | You fall through a shaft!
 45703 | Vaults:4 | Reached skill level 25 in Axes
 46309 | Vaults:4 | Received a gift from Okawaru
 46339 | Vaults:4 | Got a smoking cloak {god gift}
 46340 | Vaults:4 | Identified the -7 cloak "Jacsijev" {*Corrode rElec Regen+
                  | Int+3} (Okawaru gifted it to you on level 4 of the Vaults)
 47115 | Vaults:3 | Reached XP level 22. HP: 183/211 MP: 26/26
 47332 | Crypt:1  | Entered Level 1 of the Crypt
 48341 | Crypt:2  | Received a gift from Okawaru
 48348 | Crypt:2  | Got a faintly humming ring mail {god gift}
 48350 | Crypt:2  | Identified the +1 ring mail of a Labyrinth {rPois rF+ MR-
                  | rCorr} (Okawaru gifted it to you on level 2 of the Crypt)
 48353 | Crypt:2  | Noticed Xtahua
 48357 | Crypt:2  | Killed Xtahua
 48412 | Crypt:2  | Reached skill level 26 in Axes
 48523 | Crypt:2  | Noticed Saint Roka
 48691 | Crypt:2  | Killed Saint Roka
 49316 | Crypt:2  | Reached skill level 1 in Necromancy
 49421 | Crypt:2  | Noticed Jory
 49434 | Crypt:2  | Killed Jory
 49434 | Crypt:2  | Reached skill level 1 in Charms
 49590 | Crypt:3  | Entered Level 3 of the Crypt
 49830 | Crypt:3  | Found a staircase to the Tomb.
 50052 | Crypt:3  | Found a runed gate.
 50052 | Crypt:3  | Found a runed gate.
 50052 | Crypt:3  | Found a runed gate.
 50052 | Crypt:3  | Noticed Sifeokk's ghost (veteran GrFi)
 50080 | Crypt:3  | Killed Sifeokk's ghost
 50080 | Crypt:3  | Received a gift from Okawaru
 50303 | Crypt:3  | Got a pair of pitted gloves {god gift}
 50326 | Crypt:3  | Identified the +0 pair of gloves of Starshine {-Tele rN+
                  | Int+6} (Okawaru gifted it to you on level 3 of the Crypt)
 50335 | Crypt:3  | Got a warped long sword
 50564 | Crypt:3  | Reached XP level 23. HP: 193/222 MP: 27/27
 50623 | Crypt:3  | Noticed a greater mummy
 50645 | Crypt:3  | Killed a greater mummy
 50724 | Crypt:3  | Received a gift from Okawaru
 50727 | Crypt:3  | Noticed a greater mummy
 50734 | Crypt:3  | Killed a greater mummy
 50776 | Crypt:3  | Found an ancient bone altar of Kikubaaqudgha.
 50778 | Crypt:3  | Found a basalt altar of Yredelemnul.
 51270 | Depths:1 | Entered Level 1 of the Depths
 51410 | Depths:1 | Found a gateway to Hell.
 51673 | Depths:1 | Reached skill level 5 in Necromancy
 52014 | Depths:1 | Found a one-way gate to the infinite horrors of the Abyss.
 52242 | Depths:2 | Received a gift from Okawaru
 52315 | Depths:2 | Reached skill level 5 in Charms
 52516 | Depths:2 | Found Faeluq's Food Shop.
 52520 | Depths:2 | Found Tibriet's Weapon Boutique.
 52775 | Depths:2 | Paralysed by a floating eye for 3 turns
 52777 | Depths:2 | HP: 7/223 [deep troll[a boggart] (18)]
 52777 | Depths:2 | HP: 3/223 [deep troll earth mage[a boggart] (1)]
 52777 | Depths:2 | Slain by a deep troll earth mage

Vault maps used:
D:1:      scummos_arrival_forest, minmay_bisected
D:2:      minmay_misc_feat_nine_boxes, uniq_natasha
D:3:      minmay_chambers_of_threes, tso_metal_star, first_ration,
          chequers_ecumenical_altar_simple_redux
D:4:      serial_shops, shop, st_stairs_13
D:5:      grunt_temple_overflow_order_and_chaos_2, serial_shops, shop,
          uniq_eustachio
D:6:      regret_index_temple_of_mockery, serial_column_ruins,
          column_ruins_open_small, column_ruins_grid_3, column_ruins_open_tiny,
          column_ruins_columns_straight, column_ruins_columns_corner,
          column_ruins_open_medium, lemuel_flame_loot_1, uniq_pikel
D:7:      gammafunk_temple_overflow_pools, minmay_temple_entry_overgrown,
          serial_shops, shop, basic_altar, the_bakery, uniq_harold
D:8:      gammafunk_temple_overflow_elements,
          nicolae_ossuary_entry_false_entrances
D:9:      hiddenorc2_lemuel
D:10:     erik_lair_orcish_takeover, uniq_erolcha
D:11:     trove_entry_hex_spiral, portal_ice_cave_entry_imps, uniq_nergalle,
          uniq_josephine
D:12:     basic_altar, nicolae_straight_to_the_point, uniq_kirke, uniq_nessos,
          uniq_azrael
D:13:     minmay_gate_of_8, gauntlet_entry_generic, small_chamber_with_monster,
          uniq_frances
D:14:     hangedman_vaults_entry_quadrant_bands, kennysheep_boxes, serial_shops,
          nicolae_shop_overgrown_old_shop, basic_altar, serial_bayou_pond_e,
          minmay_misc_feat_diagonals, nicolae_transmutations_shop
D:15:     gammafunk_depths_entry_grave, basic_altar, hangedman_ru_absence,
          guppyfry_shop_blood
Temple:   cyrus_circular_temple
Lair:2:   minmay_snake_entry_guardpost_small, uniq_urug
Lair:4:   gammafunk_mikee_crab_dinner, minmay_swamp_entry_worms,
          kennysheep_snail_temple, infiniplex_staircase_pool_2
Lair:5:   dpeg_slime_entry_enclosed_altar, grunt_megastairs_1
Lair:6:   minmay_lair_end_enchanted_forest
Swamp:1:  evilmike_swamp_ruin_rubble_2
Swamp:2:  nicolae_swamp_godswood, swamp_pool4, nicolae_swamp_baby_hydras
Swamp:3:  cheibrodos_swamp_tower_of_moss, evilmike_swamp_ruin_house_2,
          swamp_pool1
Swamp:4:  swamp_alternative
Snake:2:  basic_altar, uniq_roxanne
Snake:3:  minmay_shop_grove, serial_bayou_shore_a
Snake:4:  snake_pit, serial_shops, shop
Orc:1:    serial_shops, shop_coins, nicolae_shop_crystal, shop_fountains,
          shop_fountains, uniq_fannar
Orc:2:    st_orc_mages, basic_altar, uniq_rupert, uniq_donald
Elf:1:    minmay_elf_arrival_summoners, serial_shops, shop, orc_legates,
          dk_noncrumbling_3
Elf:3:    minmay_elf_hall_not_hex, serial_shops, freezing_bzr, shop,
          minmay_elf_demonology, minmay_shop_star
Vaults:1: vaults_room_grid, v_rooms_1, vaults_room_door_ring,
          nicolae_vaults_little_squares_5, v_misc_27,
          nicolae_vaults_ring_of_whatevers, nicolae_vaults_specimen_jars,
          v_pattern_5, grunt_vaults_funnel, serial_shops, shop
Vaults:2: vaults_dpeg_diagonal, minmay_crypt_entry_simple_box,
          grunt_vaults_bifocal, ontoclasm_vaults_chip, v_pattern_2, v_misc_13,
          grunt_vaults_twisty, ontoclasm_vaults_shuriken,
          nicolae_vaults_network_quinsquares, ontoclasm_vaults_ring_large,
          ontoclasm_vaults_decontamination, grunt_tower_of_power,
          nicolae_vaults_yaktaur_gun_rack, uniq_sojobo, uniq_boris
Vaults:3: v_misc_18, hangedman_vaults_corner_blocks, grunt_vaults_trifunnel,
          v_misc_4, hangedman_vaults_variations, v_rooms_6,
          vaults_mumra_hexcomb, nicolae_vaults_display_case
Vaults:4: ontoclasm_vaults_bender, vaults_mumra_minichess_inversion,
          nicolae_vaults_little_squares_4, hangedman_vaults_stagger,
          hangedman_vaults_locks, vaults_room_pools,
          vaults_room_grunt_arrival_ludios, nicolae_vaults_quartermaster,
          ontoclasm_vaults_ring_square, hangedman_vaults_maws, v_alt_pattern_2,
          nicolae_vaults_asterisk, v_alt_pattern_1
Crypt:1:  nicolae_crypt_cryptocurrency
Crypt:2:  lemuel_upstairs_altar, uniq_saint_roka, uniq_xtahua, uniq_jory
Crypt:3:  lightli_unholy_cathedral, nicolae_tomb_entry_grand_gallery,
          gammafunk_ghost_necromancy, corexii_hall_statues_i
Depths:1: abyss_entry_small_statue_room, hellmouth_1, hangedman_corner_corridor
Depths:2: kennysheep_large_spiral, infiniplex_staircase_9_rooms,
          grunt_hell_entry_dis_old, serial_shops, shop_statue, minmay_shoptagon
Bazaar:   bazaar_jpeg_ribbon
Ossuary:  ossuary_tomb_1
IceCv:    ice_cave_statue_garden_transporter

Skill      XL: |  1  2  3  4  5  6  7  8  9 10 11 12 13 14 15 16 17 18 19 20 21 22 23 |
---------------+----------------------------------------------------------------------+-----
Axes           | 4 5 6 8 9 11 13 14 16 17 19 20 21 22 23 24 25 26 | 26.0
Armour         | 1 2 3 4 6 7 9 10 11 12 13 15 16 17 18 19 20 21 22 | 22.3
Fighting       | 3 4 5 6 8 9 10 12 13 14 15 16 17 18 19 20 21 22 | 22.4
Dodging        | 4 5 6 7 9 10 11 12 13 14 15 16 17 18 19 20 | 20.0
Invocations    | 6 7 |  7.0
Necromancy     | 3 5 |  5.6
Charms         | 3 5 |  5.1
Throwing       | |  2.0

Action                   |  1- 3 |  4- 6 |  7- 9 | 10-12 | 13-15 | 16-18 | 19-21 | 22-24 || total
-------------------------+-------+-------+-------+-------+-------+-------+-------+-------++-------
Melee: War axe           |    42 |   148 |   287 |   601 |    16 |       |       |       ||  1094
       Headbutt          |     6 |    20 |    62 |   147 |   226 |   337 |   282 |   237 ||  1317
       Battleaxe         |       |       |       |       |   928 |  1234 |   373 |       ||  2535
       Executioner's axe |       |       |       |       |       |       |   677 |   806 ||  1483
Throw: Javelin           |       |       |     7 |     4 |     7 |       |       |       ||    18
       Throwing net      |       |       |     2 |     1 |       |       |       |       ||     3
 Cast: Regeneration      |       |       |       |       |       |       |       |     3 ||     3
       Song of Slaying   |       |       |       |       |       |       |       |     1 ||     1
Invok: Heroism           |       |       |       |     9 |    17 |    12 |     8 |    10 ||    56
 Abil: Stop Flying       |       |       |       |       |       |       |     1 |     1 ||     2
       Evoke Flight      |       |       |       |       |       |       |       |     1 ||     1
Evoke: Wand              |       |       |       |     6 |    16 |     4 |     1 |     2 ||    29
  Use: Scroll            |       |    12 |     2 |     8 |    15 |    14 |    11 |     6 ||    68
       Potion            |       |       |       |       |       |     3 |       |       ||     3
 Stab: Sleeping          |     1 |       |       |       |     1 |       |       |       ||     2
       Held in net/web   |       |       |     1 |     3 |       |       |       |       ||     4
       Confused          |       |       |       |     7 |       |     1 |       |       ||     8
       Paralysed         |       |       |       |     3 |       |       |       |       ||     3
       Distracted        |       |       |       |       |     2 |       |       |       ||     2
       Petrified         |       |       |       |       |     1 |       |       |       ||     1
  Eat: Chunk             |       |     5 |     5 |    15 |    28 |    17 |    21 |    10 ||   101
       Ration            |       |     1 |     2 |     1 |     5 |     6 |     2 |     3 ||    20
Armor: Leather armour    |    12 |     2 |       |       |       |       |       |       ||    14
       Chain mail        |       |    48 |       |       |       |    73 |   286 |   312 ||   719
       Ring mail         |       |     1 |    84 |   149 |   255 |   233 |       |       ||   722
Dodge: Dodged            |    28 |    66 |   184 |   476 |   908 |  1164 |   629 |   651 ||  4106
       Deflected         |       |       |       |       |       |    65 |    86 |    28 ||   179

Table legend:
 A = Non-vault XP
 B = Vault XP
 C = Vault XP percentage of total XP
 D = Non-vault monster count
 E = Vault monster count
 F = Vault count percentage of total count
                 A         B        C        D         E       F
            +---------+---------+-------+---------+---------+-------
      Total |  504711 |  428580 |  45.9 |    1259 |     721 |  36.4
            +---------+---------+-------+---------+---------+-------
        D:1 |      12 |       9 |  42.9 |       9 |       4 |  30.8
        D:2 |     166 |      36 |  17.8 |      22 |       1 |   4.3
        D:3 |     105 |      24 |  18.6 |      30 |      11 |  26.8
        D:4 |     253 |      36 |  12.5 |       7 |       1 |  12.5
        D:5 |     653 |     188 |  22.4 |      26 |       1 |   3.7
        D:6 |     798 |     641 |  44.5 |      18 |       1 |   5.3
        D:7 |     613 |    1186 |  65.9 |      15 |       2 |  11.8
        D:8 |     986 |       0 |   0.0 |      18 |       0 |   0.0
        D:9 |    1048 |     418 |  28.5 |      25 |      32 |  56.1
       D:10 |    4139 |    1591 |  27.8 |      21 |       7 |  25.0
       D:11 |    3070 |    2577 |  45.6 |      20 |      17 |  45.9
       D:12 |    3136 |    6935 |  68.9 |      15 |      16 |  51.6
       D:13 |    5005 |    2260 |  31.1 |      17 |       1 |   5.6
       D:14 |   11245 |    4345 |  27.9 |      43 |      18 |  29.5
       D:15 |   13951 |    4842 |  25.8 |      36 |       8 |  18.2
     Lair:1 |    3268 |       0 |   0.0 |      13 |       0 |   0.0
     Lair:2 |    3639 |    1144 |  23.9 |      16 |       3 |  15.8
     Lair:3 |    3627 |       0 |   0.0 |      14 |       0 |   0.0
     Lair:4 |    3190 |   15480 |  82.9 |      16 |      22 |  57.9
     Lair:5 |    6507 |     606 |   8.5 |      26 |       4 |  13.3
     Lair:6 |    6036 |    8891 |  59.6 |      20 |      45 |  69.2
    Swamp:1 |   18767 |       0 |   0.0 |      49 |       0 |   0.0
    Swamp:2 |   18162 |    4836 |  21.0 |      57 |       5 |   8.1
    Swamp:3 |   13129 |    2180 |  14.2 |      42 |       1 |   2.3
    Swamp:4 |   10296 |   13631 |  57.0 |      39 |      21 |  35.0
    Snake:1 |    6671 |       0 |   0.0 |      16 |       0 |   0.0
    Snake:2 |   22681 |    1919 |   7.8 |      46 |       1 |   2.1
    Snake:3 |   17566 |       0 |   0.0 |      33 |       0 |   0.0
    Snake:4 |   34846 |   29556 |  45.9 |      65 |      41 |  38.7
      Orc:1 |    5315 |    1028 |  16.2 |      42 |       1 |   2.3
      Orc:2 |    3858 |   10267 |  72.7 |      33 |      45 |  57.7
      Elf:1 |   16205 |   10175 |  38.6 |      29 |      25 |  46.3
      Elf:2 |   20184 |   22776 |  53.0 |      29 |      29 |  50.0
      Elf:3 |   22801 |   48560 |  68.0 |      36 |      36 |  50.0
   Vaults:1 |   20328 |   13293 |  39.5 |      32 |      21 |  39.6
   Vaults:2 |   21983 |   39152 |  64.0 |      40 |      34 |  45.9
   Vaults:3 |   19584 |   30308 |  60.7 |      27 |      49 |  64.5
   Vaults:4 |   34327 |   53635 |  61.0 |      43 |      80 |  65.0
    Crypt:1 |   20293 |       0 |   0.0 |      35 |       0 |   0.0
    Crypt:2 |   33916 |   14506 |  30.0 |      42 |      15 |  26.3
    Crypt:3 |   21702 |   67064 |  75.6 |      28 |      62 |  68.9
   Depths:1 |   28541 |   10625 |  27.1 |      40 |      12 |  23.1
   Depths:2 |   22109 |    1580 |   6.7 |      29 |       2 |   6.5
    Ossuary |       0 |     396 | 100.0 |       0 |      39 | 100.0
      IceCv |       0 |    1884 | 100.0 |       0 |       8 | 100.0
            +---------+---------+-------+---------+---------+-------
